 Dungeon Crawl Stone Soup version 0.27.1 (webtiles) character file.

Game seed: 7154529658639305820

11 r3algoood the Conjurer (level 2, 0/15 HPs)
             Began as a Deep Elf Conjurer on Sept 1, 2021.
             Slain by an iguana (14 damage)
             ... on level 4 of the Dungeon.
             The game lasted 00:02:04 (653 turns).

r3algoood the Conjurer (Deep Elf Conjurer)           Turns: 653, Time: 00:02:05

Health: 0/15       AC:  2    Str:  4    XL:     2   Next: 17%
Magic:  4/8        EV: 12    Int: 22    God:
Gold:   9          SH:  0    Dex: 13    Spells: 6/7 levels left

rFire    . . .     SeeInvis .   (no weapon)
rCold    . . .     Faith    .   (no shield)
rNeg     . . .     Spirit   .   a - +0 robe
rPois    .         Reflect  .   (no helmet)
rElec    .         Harm     .   (no cloak)
rCorr    .         Rampage  .   (no gloves)
Will     .....                  (no boots)
Stlth    ++........             (no amulet)
HPRegen  0.05/turn              (no ring)
MPRegen  0.11/turn              (no ring)

@: no status effects
A: no striking features
a: no special abilities


You were on level 4 of the Dungeon.
You visited 1 branch of the dungeon, and saw 5 of its levels.

You collected 9 gold pieces.

Inventory:

Armour
 a - a +0 robe (worn)
Potions
 b - a potion of flight {unknown}


   Skills:
 + Level 2.4 Dodging
 + Level 2.4 Stealth
 + Level 3.0 Spellcasting
 + Level 5.0 Conjurations


You had 6 spell levels left.
You knew the following spells:

 Your Spells              Type           Power      Damage    Failure   Level
a - Magic Dart            Conj           100%       1d8       1%          1

Your spell library contained the following spells:

 Spells                   Type           Power      Damage    Failure   Level
 Searing Ray              Conj           50%        3d5       2%          2
 Dazzling Flash           Conj/Hex       28%        N/A       13%         3
 Fulminant Prism          Conj/Hex       7%         3d7       41%         4
 Iskenderun's Mystic Bla  Conj/Tloc      14%        2d5       41%         4


Dungeon Overview and Level Annotations

Branches:
Dungeon (5/15)
 Temple: D:4-7

Altars:


Message History

You start waiting.
Done waiting.
You start waiting.
Done waiting.
The iguana hisses angrily.
Found a robe.
The iguana hisses menacingly.
You see here a +0 robe.
Casting: Magic Dart (safe; 1% risk of failure)
Confirm with . or Enter, or press ? or * to list all spells.
Aiming: Magic Dart (safe; 1% risk of failure)
Press: ? - help, Shift-Dir - straight line, f - iguana
Aim: an iguana (100% to hit)
The magic dart hits the iguana but does no damage.
Casting: Magic Dart (safe; 1% risk of failure)
Confirm with . or Enter, or press ? or * to list all spells.
Aiming: Magic Dart (safe; 1% risk of failure)
Press: ? - help, Shift-Dir - straight line, f/p - iguana
Aim: an iguana (100% to hit)
The magic dart hits the iguana.
The iguana is lightly wounded.
The iguana closely misses you.
Casting: Magic Dart (safe; 1% risk of failure)
Confirm with . or Enter, or press ? or * to list all spells.
Aiming: Magic Dart (safe; 1% risk of failure)
Press: ? - help, Shift-Dir - straight line, f/p - iguana
Aim: an iguana (lightly wounded, 100% to hit)
The magic dart hits the iguana!
The iguana is heavily wounded.
The iguana bites you.
Casting: Magic Dart (safe; 1% risk of failure)
Confirm with . or Enter, or press ? or * to list all spells.
Aiming: Magic Dart (safe; 1% risk of failure)
Press: ? - help, Shift-Dir - straight line, f/p - iguana
Aim: an iguana (heavily wounded, 100% to hit)
The magic dart hits the iguana.
The iguana is heavily wounded.
The iguana bites you!
Ouch! That really hurt!
You die...

.........#####.....##
.....##.## ###....##
....##..## ##<...###
.........# ###....##
#.....#..####
###...##
##...###....# ##....
##.# ##....# ##...
#..###.[l..# ##.>..
#. #....@..# #..... .
#........# ##....
#......##.# ###..
#...#### ..# ##. ####
...# ## ...# #..# ##.


You could see an iguana.

Vanquished Creatures
  An adder (D:5)
  A bat (D:1)
  2 frilled lizards (D:1)
4 creatures vanquished.

Vanquished Creatures (others)
  2 fungi (D:1)
  2 plants (D:1)
4 creatures vanquished.

Grand Total: 8 creatures vanquished

Notes
Turn   | Place    | Note
-------+----------+-------------------------------------------
     0 | D:1      | r3algoood the Deep Elf Conjurer began the quest for the
                  | Orb.
     0 | D:1      | Reached XP level 1. HP: 10/10 MP: 6/6
    68 | D:1      | Found a faded altar of an unknown god.
   168 | D:1      | You fall into a shaft and drop 1 floor!
   204 | D:4      | Noticed an iguana
   229 | D:5      | Entered Level 5 of the Dungeon
   232 | D:5      | Noticed an iguana
   236 | D:5      | Reached skill level 5 in Conjurations
   236 | D:5      | Reached XP level 2. HP: 15/15 MP: 5/8
   653 | D:4      | Slain by an iguana

Illustrated notes

Levels and vault maps discovered:
D:1:      minmay_arrival_jagged, layout_basic,
          shapermc_ecumenical_altar_hornbeckon, minmay_pentomino_v2
D:2:      layout_rooms, uniq_crazy_yiuf_cottage
D:3:      layout_rooms, grunt_temple_overflow_holy_war, zin_academy,
          serial_shops, shop, dk_noncrumbling_3, uniq_robin
D:4:      layout_cave_pods, gammafunk_temple_overflow_forgotten,
          ebering_ghost_gozag, uniq_sigmund
D:5:      layout_layer_cave, kennysheep_little_box, minmay_temple_entry_waves,
          minmay_manual_mail

Skill      XL: |  1 |
---------------+----+-----
Conjurations   | 5 |  5.0
Dodging        | |  2.4
Stealth        | |  2.4
Spellcasting   | |  3.0

Action                   || total
-------------------------++-------
Melee: Unarmed           ||    17
 Cast: Magic Dart        ||     8
Dodge: Dodged            ||     3
